 Dungeon Crawl Stone Soup version 0.30-a0-728-gc68057be0a (webtiles) character file.

Game seed: 2042473337352526415

20 IdlyInterested the Cutter (level 2, -5/24 HPs)
             Began as a Demonspawn Monk on Jan 30, 2023.
             Slain by Crazy Yiuf
             ... wielding a +2 quarterstaff of chaos
              (16 damage)
             ... on level 2 of the Dungeon.
             The game lasted 00:03:32 (1249 turns).

IdlyInterested the Cutter (Demonspawn Monk)         Turns: 1249, Time: 00:03:33

Health: -5/24      AC: 10    Str: 11    XL:     2   Next: 58%
Magic:  2/2        EV: 12    Int: 11    God:
Gold:   105        SH:  0    Dex: 15    Spells: 1/1 levels left

rFire   . . .      SeeInvis .    a - +0 short sword (protect)
rCold   . . .      Faith    .    (no shield)
rNeg    . . .      Spirit   .    b - +0 robe
rPois   .          Reflect  .    l - +0 helmet
rElec   .          Harm     .    (no cloak)
rCorr   .          Rampage  .    (no gloves)
Will    .....                    (no boots)
Stlth   ++                       (no amulet)
HPRegen 0.24/turn                (no ring)
MPRegen 0.08/turn                (no ring)

@: under a protective aura
A: hooves 1
a: no special abilities


You were on level 2 of the Dungeon.
You visited 1 branch of the dungeon, and saw 2 of its levels.

You collected 105 gold pieces.

Inventory:

Hand Weapons
 a - a +0 short sword of protection (weapon)
 m - a +0 vampiric dagger
Missiles
 d - 13 stones (quivered)
 h - 4 poisoned darts
Armour
 b - a +0 robe (worn)
 f - an orb of guile
 l - a +0 helmet (worn)
Scrolls
 k - a scroll of magic mapping {unknown}
Potions
 c - a potion of ambrosia
 e - 3 potions of curing
 g - a potion of heal wounds
 i - a potion of degeneration {unknown}
 j - a potion of mutation


   Skills:
 - Level 3.0 Fighting
 * Level 3.3 Short Blades
 - Level 2.6 Dodging
 + Level 2.2 Stealth


You had one spell level left.
You didn't know any spells.
Your spell library contained the following spells:

 Spells                   Type           Power      Damage    Failure   Level
 Freeze                   Ice            0%         1d3       34%         1
 Cigotuvi's Dreadful Rot  Necr/Pois/Air  0%         N/A       47%         2
 Frozen Ramparts          Ice            0%         1d1       71%         3
 Hailstorm                Conj/Ice       0%         3d3       71%         3
 Dispel Undead            Necr           0%         3d6       98%         4
 Death Channel            Necr           0%         N/A       100%        6


Dungeon Overview and Level Annotations

Branches:
Dungeon (2/15)

Altars:

Annotations:
D:2 Crazy Yiuf


Innate Abilities, Weirdness & Mutations

You have large cloven feet.


Message History

The bush is lightly damaged.
You hit the bush but do no damage. You kick the bush, but do no damage.
The bush is lightly damaged.
You hit the bush but do no damage. You kick the bush, but do no damage.
The bush is lightly damaged.
You hit the bush but do no damage.
The bush is lightly damaged.
You hit the fungus.
The fungus begins to die.
The fungus is lightly damaged.
You hit the fungus.
The fungus begins to die.
You kick the fungus.
The fungus is lightly damaged.
You hit the fungus. You kick the fungus.
The fungus is lightly damaged.
You completely miss the bush. You kick the bush, but do no damage.
The bush is lightly damaged.
You hit the bush but do no damage. You kick the bush, but do no damage.
The bush is lightly damaged.
A nearby fungus withers and dies. x2
You hit the bush but do no damage. You kick the bush, but do no damage.
The bush is lightly damaged.
You hit the bush but do no damage.
The bush is lightly damaged.
You hit the bush.
The bush is lightly damaged.
You hit the bush but do no damage. You kick the bush, but do no damage.
The bush is lightly damaged.
You hit the bush.
The bush is lightly damaged.
Found a hammer.
Found a runed translucent door.
You open the door.
There is an open translucent door here.
The helpless Crazy Yiuf fails to defend himself.
You hit Crazy Yiuf.
Your weapon exudes an aura of protection.
Crazy Yiuf is lightly wounded.
Crazy Yiuf hits you with a +2 quarterstaff of chaos!
Ouch! That really hurt!
You convulse!
Ouch! That really hurt!
You die...

.....<.................#
#####..................#
..# ####...............#
..# ##############..#
..# #..# ..## #..#
...####♣♣ ##### #.##
...#..+P♣♣ ♣♣#..)# #.#
##.......♣♣♣♣.'.@g# #.#
##.#...P..♣..♣#...# ###
......'♣.♣.♣♣♣#####
.....##♣♣♣♣♣ ### .÷...#
#.# .....### ####
#####.# #.#....#
#..####....##
......######.........#
...............###.###


You could see Crazy Yiuf.

Vanquished Creatures
  A dart slug (D:1)
  3 ball pythons
  4 bats (D:2)
  3 endoplasms
  2 goblins (D:2)
  A hobgoblin (D:2)
  A frilled lizard (D:1)
  2 kobolds (D:1)
17 creatures vanquished.

Vanquished Creatures (others)
  3 fungi (D:2)
3 creatures vanquished.

Grand Total: 20 creatures vanquished

Notes
Turn   | Place    | Note
-------+----------+-------------------------------------------
     0 | D:1      | IdlyInterested the Demonspawn Monk began the quest for the
                  | Orb.
     0 | D:1      | Reached XP level 1. HP: 18/18 MP: 1/1
   320 | D:1      | Gained mutation: You have large cloven feet. [demonic
                  | ancestry]
   320 | D:1      | Reached XP level 2. HP: 6/24 MP: 2/2
  1241 | D:2      | Found a runed translucent door.
  1242 | D:2      | Noticed Crazy Yiuf
  1249 | D:2      | Slain by Crazy Yiuf

Illustrated notes

Levels and vault maps discovered:
D:1:      tarquinn_simple_flora_water_c, layout_rooms,
          minmay_misc_feat_ornament, minmay_pentomino_t2
D:2:      layout_rooms, serial_bayou_pond_d, uniq_crazy_yiuf_cottage

Skill      XL: |  1 |
---------------+----+-----
Short Blades   | 3 |  3.3
Stealth        | 2 |  2.2
Fighting       | |  3.0
Dodging        | |  2.6

Action                     || total
---------------------------++-------
  Melee: Short sword       ||    79
         Punch             ||     2
         Kick              ||    26
         Dagger            ||     8
    Use: Scroll            ||     5
   Stab: Sleeping          ||     2
 Armour: Robe              ||     8
  Dodge: Dodged            ||    25

Table legend: (Time is in decaauts)
 A = Elapsed time spent in this place.
 B = Non-inter-level travel time spent in this place.
 C = Inter-level travel time spent in this place.
 D = Time resting spent in this place.
 E = Time spent auto-exploring this place.
 F = Levels seen in this place.
 G = Mean time per level.
                   A        B        C        D        E       F      G
               +--------+--------+--------+--------+--------+-----+--------+
         Total |   1240 |   1152 |     88 |    205 |    591 |   2 |  620.0 |
       Dungeon |   1240 |   1152 |     88 |    205 |    591 |   2 |  620.0 |
               +--------+--------+--------+--------+--------+-----+--------+

Top non-repeatable levels by time:
     D:1: 794 daAuts
     D:2: 445 daAuts
